AoeStats
← 布丁

Black Forest

506289142Analyzed
4v4 RM · 18d ago on Sep 13, 2026· 60m 19s· 8 players
Game mode
Random Map
Map size
Large (8 player)
Population
200
Speed
Normal
Resources
Standard
Victory
Conquest
Starting age
Dark Age
Ending age
Imperial Age
RankedLock teamsTeams togetherTeam positionsShared explorationLock speedFull tech treeHidden civsTurbo modeCheats
Victory
Defeat
🇲🇽 Khmer · Mexico
833
+13
🇹🇼 Goths · Taiwan
829
+13
🇦🇷 Inca · Argentina
798
+14
🇦🇷 Persians · Argentina
715
+18
🇦🇺 Bulgarians · Australia
843
-18
🇮🇩 Muisca · Indonesia
759
-14
🇬🇧 Georgians · United Kingdom
717
-13
🇲🇽 Byzantines · Mexico
712
-13
Aghur III
2:21 Loom
12:03 Feudal Age
12:51 Double-Bit Axe
12:49 Horse Collar
13:06 Stone Mining
18:00 Castle Age
17:52 Stone Mining
17:55 Gold Mining
22:57 Bow Saw
22:50 Heavy Plow
27:14 Wheelbarrow
28:11 Gold Shaft Mining
28:34 Stone Shaft Mining
28:46 Fletching
29:19 Hand Cart
28:52 Town Watch
30:32 Caravan
35:39 Imperial Age
34:21 Bodkin Arrow
35:43 Squires
35:30 Arson
35:48 Padded Archer Armor
35:50 Scale Mail Armor
36:01 Forging
35:13 Elite Skirmisher
35:57 Andean Sling
37:36 Crop Rotation
38:14 Ballistics
38:08 Fortified Wall
39:05 Chemistry
38:27 Ballistics
38:14 Siege Engineers
38:22 Masonry
37:53 Treadmill Crane
38:10 Murder Holes
38:19 Bracer
38:55 Iron Casting
38:35 Leather Archer Armor
38:36 Chain Mail Armor
38:25 Fabric Shields
38:47 Conscription
39:05 Hoardings
38:01 Sappers
38:40 Pikeman
40:48 Guard Tower
42:04 Halberdier
42:06 Champi Runner
43:14 Champi Warrior
45:56 Town Patrol
46:58 Blast Furnace
46:28 Plate Mail Armor
46:29 Ring Archer Armor
45:23 Elite Kamayuk
47:05 Elite Champi Warrior
56:09 Keep
55:20 Arrowslits
[HDAO] LiquidFlux
2:04 Loom
15:00 Feudal Age
21:45 Castle Age
20:07 Horse Collar
20:21 Gold Mining
20:27 Stone Mining
21:55 Double-Bit Axe
22:25 Heavy Plow
25:06 Stone Shaft Mining
25:09 Gold Shaft Mining
25:48 Bow Saw
30:18 Imperial Age
32:43 Wheelbarrow
36:01 Chemistry
36:37 Double Crossbow
37:29 Crop Rotation
37:33 Hand Cart
37:42 Town Watch
37:52 Heavy Scorpion
39:09 Town Patrol
39:36 Siege Engineers
39:57 Ballistics
51:05 Light Cavalry
51:56 Bloodlines
51:46 Husbandry
52:23 Hussar
59:34 Scale Barding Armor
59:41 Forging
布丁
1:23 Loom
13:40 Feudal Age
17:57 Castle Age
16:13 Double-Bit Axe
16:29 Horse Collar
21:37 Wheelbarrow
22:41 Hand Cart
23:30 Bow Saw
23:57 Heavy Plow
25:30 Gold Mining
30:56 Imperial Age
29:32 Stone Mining
29:28 Pikeman
30:09 Squires
31:37 Perfusion
32:42 Chemistry
31:57 Town Watch
32:18 Scale Mail Armor
32:29 Forging
33:12 Anarchy
32:59 Halberdier
37:11 Elite Huskarl
38:14 Chain Mail Armor
38:35 Iron Casting
37:54 Fletching
40:07 Caravan
41:50 Bodkin Arrow
42:56 Blast Furnace
48:52 Bracer
gonzalezf.juancho
0:45 Loom
14:34 Feudal Age
20:57 Castle Age
22:36 Double-Bit Axe
24:36 Wheelbarrow
25:19 Fishing Lines
27:04 Gillnets
28:25 Bow Saw
31:56 Husbandry
32:08 Bloodlines
33:02 Caravan
34:00 Scale Barding Armor
33:46 Fletching
33:40 Horse Collar
35:43 Gold Mining
35:44 Stone Mining
35:45 Town Watch
38:34 Imperial Age
38:45 Imperial Age
36:33 Hand Cart
36:52 Town Patrol
37:33 Kamandaran
38:01 Heavy Plow
38:28 Chain Barding Armor
38:19 Forging
38:05 Bodkin Arrow
38:10 Scale Mail Armor
37:54 Crossbowman
38:41 Thumb Ring
39:37 Cavalier
40:39 Conscription
41:06 Plate Barding Armor
41:07 Iron Casting
40:33 Scale Mail Armor
40:34 Padded Archer Armor
40:54 Elite War Elephant
42:12 Hoardings
42:45 Crop Rotation
43:40 Chemistry
43:01 Ballistics
42:32 Heated Shot
44:05 Citadels
43:36 Savar
46:32 Leather Archer Armor
46:32 Chain Mail Armor
47:18 Blast Furnace
Reards3786
2:44 Loom
13:56 Feudal Age
17:39 Wheelbarrow
21:27 Castle Age
20:09 Double-Bit Axe
24:18 Hand Cart
25:59 Bow Saw
29:17 Fletching
30:29 Gold Mining
30:30 Stone Mining
32:44 Town Watch
34:21 Bodkin Arrow
34:36 Forging
34:30 Scale Mail Armor
34:52 Horse Collar
34:43 Pikeman
35:24 Squires
35:10 Gambesons
36:03 Iron Casting
37:17 Chain Mail Armor
41:28 Imperial Age
40:53 Scale Barding Armor
40:53 Caravan
42:06 Onager
43:59 Bracer
45:06 Blast Furnace
47:41 Siege Onager
48:01 Halberdier
50:26 Elite Konnik
yabin.belrojo
0:30 Loom
16:26 Feudal Age
18:32 Wheelbarrow
26:01 Castle Age
25:11 Double-Bit Axe
25:50 Horse Collar
25:55 Fishing Lines
28:31 Gold Mining
32:54 Gold Shaft Mining
37:25 Imperial Age
35:27 Hand Cart
35:15 Heavy Plow
36:47 Stone Mining
37:48 Elite Skirmisher
38:54 Bow Saw
40:04 Conscription
40:45 Crop Rotation
43:31 Chemistry
43:14 Stone Shaft Mining
43:08 Elite Cataphract
44:29 Caravan
48:42 Logistica
50:10 Pikeman
50:51 Halberdier
Executioner's Bong
0:37 Loom
13:18 Feudal Age
16:38 Double-Bit Axe
19:08 Horse Collar
24:19 Castle Age
22:52 Gold Mining
24:06 Stone Mining
25:51 Bow Saw
26:27 Treadmill Crane
27:24 Fletching
27:48 Fortified Wall
28:31 Stone Shaft Mining
28:56 Wheelbarrow
30:45 Heavy Plow
32:47 Light Cavalry
33:52 Redemption
34:19 Hand Cart
34:18 Masonry
35:43 Forging
36:36 Guard Tower
36:55 Svan Towers
37:33 Bloodlines
37:57 Ballistics
42:03 Imperial Age
39:40 Bodkin Arrow
40:21 Iron Casting
39:52 Scale Barding Armor
42:09 Husbandry
43:12 Bracer
44:13 Blast Furnace
43:53 Keep
44:21 Chemistry
43:18 Murder Holes
43:54 Architecture
43:10 Arrowslits
43:05 Hussar
44:30 Hoardings
48:55 Conscription
49:46 Elite Monaspa
52:29 Chain Barding Armor
53:18 Cavalier
BlueGuardian
2:44 Loom
16:36 Feudal Age
17:06 Double-Bit Axe
17:03 Horse Collar
22:38 Castle Age
20:45 Fishing Lines
22:21 Wheelbarrow
21:30 Champi Runner
22:37 Stone Mining
22:40 Gold Mining
23:04 Crossbowman
24:09 Heavy Plow
28:19 Bow Saw
28:19 Thumb Ring
27:38 Champi Warrior
29:33 Gillnets
34:24 Imperial Age
31:42 Town Watch
32:19 Squires
33:11 Forging
32:52 Fletching
34:12 Hand Cart
34:55 Scale Mail Armor
35:20 Town Patrol
35:48 Elite Champi Warrior
36:22 Onager
37:59 Ballistics
38:25 Siege Engineers
39:36 Conscription
40:25 Iron Casting
40:08 Arbalester
41:31 Herbalism
43:22 Bodkin Arrow
43:28 Padded Archer Armor
43:42 Siege Onager
Connection lost

Rejoining the realm…

Still unreachable

The connection could not be restored.

Session expired

The server has moved on; the page needs a fresh start.